 Dungeon Crawl Stone Soup version 0.29.1-15-g9cfb28693d (webtiles) character file.

Game seed: 8398181896841937761

64 venomsnake the Trooper (level 3, -1/34 HPs)
             Began as a Minotaur Fighter on Mar 25, 2023.
             Slain by a gnoll
             ... wielding a +0 whip
              (6 damage)
             ... on level 2 of the Dungeon.
             The game lasted 00:05:36 (1625 turns).

venomsnake the Trooper (Minotaur Fighter)           Turns: 1625, Time: 00:05:37

Health: -1/34      AC:  9    Str: 22    XL:     3   Next: 91%
Magic:  2/2        EV:  9    Int:  5    God:
Gold:   136        SH:  4    Dex:  9    Spells: 2/2 levels left

rFire   . . .      SeeInvis .   a - +0 trident
rCold   . . .      Faith    .   c - +0 buckler
rNeg    . . .      Spirit   .   b - +0 scale mail
rPois   .          Reflect  .   (helmet restricted)
rElec   .          Harm     .   e - +0 cloak
rCorr   .          Rampage  .   g - +0 pair of gloves
Will    .....                   (no boots)
Stlth   ..........              (no amulet)
HPRegen 0.11/turn               (no ring)
MPRegen 0.08/turn               (no ring)

@: no status effects
A: horns 2, retaliatory headbutt
a: no special abilities


You were on level 2 of the Dungeon.
You visited 1 branch of the dungeon, and saw 2 of its levels.

You collected 136 gold pieces.

Inventory:

Hand Weapons
 a - a +0 trident (weapon)
Armour
 b - a +0 scale mail (worn)
 c - a +0 buckler (worn)
 e - a +0 cloak (worn)
 g - a +0 pair of gloves (worn)
Scrolls
 f - a scroll of immolation {unknown}
 i - 2 scrolls of identify {unknown}
 j - a scroll of fear {unknown}
 k - a scroll of silence {unknown}
Potions
 d - a potion of might
 h - a potion of lignification {unknown}
 l - a potion of brilliance {unknown}


   Skills:
 * Level 4.4 Fighting
 + Level 1.6(2.5) Axes
 + Level 3.0(3.2) Polearms
 + Level 4.1 Armour
 + Level 4.0 Shields


You had 2 spell levels left.
You didn't know any spells.
Your spell library was empty.

Dungeon Overview and Level Annotations

Branches:
Dungeon (2/15)

Altars:
Vehumet

Shops:
D:1 *


Innate Abilities, Weirdness & Mutations

You have a pair of horns on your head.
You reflexively headbutt those who attack you in melee.


Message History

You reach to attack!
You puncture the gnoll!
You kill the gnoll!
You block the gnoll's attack.
Reach: a) +0 trident
Press: ? - help, Dir - move target, f - gnoll
Aim: a gnoll, wielding a +0 whip (about 40% to evade your +0 trident)
You reach to attack!
You closely miss the gnoll. The gnoll closely misses you.
The gnoll hits you with a +0 whip. The gnoll closely misses you.
Reach: a) +0 trident
Press: ? - help, Dir - move target, f/p - gnoll
Aim: a gnoll, wielding a +0 whip (about 40% to evade your +0 trident)
You hit the gnoll.
The gnoll is lightly wounded.
The gnoll barely misses you. The gnoll hits you with a +0 whip.
You are too injured to fight recklessly!
You are too injured to fight recklessly!
You are too injured to fight recklessly!
You hit the gnoll. Your headbutt misses the gnoll.
The gnoll is moderately wounded.
The gnoll hits you from afar with a +0 spear!
* * * LOW HITPOINT WARNING * * *
The gnoll hits you with a +0 whip.
* * * LOW HITPOINT WARNING * * *
You block the rat's attack.
You hit the gnoll.
The gnoll is severely wounded.
The gnoll hits you but does no damage. The gnoll barely misses you.
You furiously retaliate!
You headbutt the gnoll. You block the rat's attack.
You hit the gnoll but do no damage.
The gnoll is almost dead.
The gnoll barely misses you. You block the gnoll's attack.
The rat bites you but does no damage.
You barely miss the gnoll.
The gnoll is almost dead.
The gnoll closely misses you. The gnoll barely misses you. The rat bites you.
* * * LOW HITPOINT WARNING * * *
You barely miss the gnoll. Your headbutt misses the gnoll.
The gnoll is almost dead.
The gnoll hits you but does no damage. The gnoll hits you with a +0 whip.
You die...

..## ###...#.#
...### ..
......#.# #
#....### .#
#.......#.#
##.....####
.#.#.. #<..#
##.......## .#...
##### ###..†...#
...#
###....######)g.#
####...#..gr#
###....@.#
#.#.#### #...#
#.### ...# ..#.#
..##.# .. #.#


You could see 2 gnolls and a rat.

Vanquished Creatures
  A gnoll (D:2)
  An adder (D:2)
  2 dart slugs
  4 ball pythons
  6 endoplasms
  A giant cockroach (D:1)
  2 goblins
  A hobgoblin (D:2)
  6 jackals (D:1)
  5 quokkas
  A bat (D:1)
  A frilled lizard (D:1)
  4 kobolds
  A rat (D:2)
36 creatures vanquished.

Notes
Turn   | Place    | Note
-------+----------+-------------------------------------------
     0 | D:1      | venomsnake the Minotaur Fighter began the quest for the
                  | Orb.
     0 | D:1      | Reached XP level 1. HP: 19/19 MP: 0/0
   350 | D:1      | Reached XP level 2. HP: 27/27 MP: 1/1
   409 | D:1      | Reached skill level 1 in Axes
   579 | D:1      | Found Raxoiqi's General Store.
  1184 | D:1      | Reached XP level 3. HP: 33/33 MP: 2/2
  1554 | D:2      | Found a radiant altar of Vehumet.
  1625 | D:2      | Slain by a gnoll

Illustrated notes

Levels and vault maps discovered:
D:1:      dpeg_arrival_shrine, layout_loops_corners, serial_shops,
          nicolae_shop_stone
D:2:      minmay_spotlight, layout_basic, basic_altar, serial_curves,
          eino_curves_01, eino_curves_03, serial_shops, shop_scrolls,
          shapermc_ecumenical_altar_mp_urbaneastern,
          chequers_serial_rivers_micro_d, uniq_natasha

Skill      XL: |  1  2  3 |
---------------+----------+-----
Fighting       | 4 |  4.4
Axes           | 1 |  1.6
Armour         | 4 |  4.1
Polearms       | 3 |  3.0
Shields        | 4 |  4.0

Action                   || total
-------------------------++-------
Melee: Trident           ||   106
       Headbutt          ||    10
Armor: Scale mail        ||    34
Dodge: Dodged            ||    49
Block: Buckler           ||    27
